Map: Dusk Towers

Players

QuipQuop

  • Race: Terran Terran
  • League: Silver

LilDicky - Winner!

  • Race: Terran Terran
  • League: Diamond

VOD

http://www.twitch.tv/tumescentpie

Description

Time

  • Played on: Dec. 23, 2015, 9:40 p.m.
  • Length: 10:59
Show
View Real Time Build Order
Export as new Build Order

QuipQuop Terran 

Build Orders:  

Get SALT Encoding   

  12  0:01  SCV  
  13  0:13  SCV  
  14  0:18  Supply Depot  
  14  0:25  SCV  
  15  0:40  SCV  
  16  0:43  Barracks  
  16  0:49  Refinery  
  16  0:52  SCV  
  17  1:04  SCV  
  18  1:16  SCV  
  19  1:38  Command Center, Orbital Command  
  19  1:43  Marine  
  20  1:53  Factory  
  20  2:05  Supply Depot  
  20  2:09  Barracks Reactor  
  20  2:10  SCV  
  21  2:25  SCV  
  21  2:28  Barracks  
  22  2:37  SCV  
  23  2:49  SCV  
  24  2:52  Barracks Tech Lab  
  24  2:55  Orbital Command  
  26  2:58  Supply Depot, Hellion  
  26  2:59  Hellion  
  26  3:02  SCV  
  29  3:10  Starport  
  29  3:14  SCV  
  29  3:17  Refinery  
  30  3:21  Barracks Reactor  
  30  3:27  SCV x2  
  32  3:39  SCV  
  33  3:41  Marine x2  
  33  3:44  SCV  
  33  3:48  Starport Reactor  
  36  3:51  SCV  
  37  3:56  SCV  
  38  4:03  SCV  
  38  4:08  SCV  
  40  4:12  Marine x4  
  40  4:15  Liberator  
  44  4:21  Barracks  
  44  4:26  Medivac  
  44  4:29  SCV x2  
  44  4:31  Refinery  
  48  4:34  Marine x3  
  54  4:39  Supply Depot  
  54  4:40  Command Center  
  54  4:41  Marine  
  54  4:50  SCV  
  54  4:54  SCV  
  54  4:56  Marine  
  54  5:02  Marine  
  54  5:04  Marine  
  54  5:05  Supply Depot  
  54  5:06  Supply Depot, Marine  
  48  5:24  SCV x2  
  50  5:28  Siege Tank  
  53  5:37  SCV x2  
  55  5:43  Barracks Tech Lab  
  55  5:47  Marine x4  
  55  5:49  SCV x2  
  61  5:55  Medivac x2  
  63  6:00  Siege Tank, Orbital Command  
  63  6:01  SCV  
  63  6:05  Marine x3  
  62  6:24  Marine x2  
  62  6:25  Marine x3  
  53  6:42  Marine x2  
  46  6:52  SCV x2  
  46  6:53  SCV  
  46  6:57  Medivac x2  
  46  6:58  Marine x2  
  46  6:59  Siege Tank  
  55  7:04  SCV x2  
  57  7:09  Marine x2  
  57  7:10  SCV  
  60  7:16  SCV  
  60  7:17  SCV  
  62  7:23  Combat Shields, Marine  
  62  7:24  Marine x2  
  65  7:31  Siege Tank  
  65  7:32  SCV x3  
  65  7:33  Engineering Bay  
  71  7:39  Supply Depot  
  71  7:40  Marine  
  72  7:44  SCV x2  
  72  7:46  Medivac  
  72  7:49  SCV  
  77  7:55  Medivac  
  77  7:56  SCV, Marine x3  
  83  8:02  Missile Turret  
  83  8:19  Missile Turret  
  80  8:21  Marine x3  
  80  8:22  Marine x2  
  63  8:39  Marine x3  
  64  8:43  Marine x2  
  64  8:47  Siege Tank  
  66  8:57  Marine  
  61  9:03  Marine x2  
Show
View Real Time Build Order
Export as new Build Order

LilDicky Terran - Winner!

Build Orders: Banshee Rush 

Get SALT Encoding   

  12  0:01  SCV  
  13  0:18  Supply Depot  
  13  0:19  SCV  
  14  0:31  SCV  
  14  0:35  Refinery  
  15  0:44  Barracks  
  15  0:51  SCV  
  16  1:03  SCV  
  17  1:15  SCV  
  18  1:28  SCV  
  19  1:34  Supply Depot, Marine  
  20  1:40  Orbital Command  
  20  1:49  Factory  
  20  1:51  Refinery  
  20  2:00  Marine  
  21  2:11  SCV  
  21  2:17  Marine  
  22  2:23  SCV  
  23  2:35  SCV  
  24  2:37  Factory Tech Lab, Starport  
  24  2:42  Marine  
  25  2:46  Supply Depot  
  25  2:47  SCV  
  26  2:59  SCV  
  26  3:00  Marine  
  28  3:11  SCV  
  29  3:19  Command Center  
  29  3:20  Banshee, Cloaking Field  
  29  3:26  SCV  
  33  3:35  Engineering Bay  
  33  3:38  SCV  
  33  3:39  Widow Mine  
  36  3:42  Marine  
  37  3:50  SCV  
  38  4:00  Marine  
  39  4:22  Missile Turret  
  39  4:23  Banshee, Marine, SCV, Supply Depot  
  44  4:32  Orbital Command  
  44  4:33  Missile Turret  
  44  4:36  Missile Turret  
  44  4:40  Supply Depot, SCV  
  44  4:41  Marine  
  44  4:43  Factory Tech Lab  
  46  4:52  SCV  
  47  4:59  Marine  
  48  5:03  SCV  
  49  5:16  SCV  
  47  5:23  Siege Tank  
  47  5:24  Marine  
  47  5:25  SCV  
  52  5:28  SCV  
  53  5:37  Command Center, Supply Depot  
  53  5:38  Supply Depot  
  53  5:42  Marine  
  54  5:55  Siege Tank  
  54  5:56  SCV  
  58  5:59  SCV  
  58  6:00  Marine  
  58  6:01  Missile Turret  
  56  6:24  Marine  
  51  6:27  Siege Tank  
  51  6:30  Banshee  
  57  6:43  Marine  
  57  6:45  SCV  
  59  6:49  Refinery, Orbital Command  
  59  6:50  Refinery  
  59  6:52  Starport  
  59  6:53  Supply Depot, Starport  
  56  6:55  Supply Depot  
  56  6:56  SCV  
  56  6:59  Siege Tank  
  56  7:00  Supply Depot  
  60  7:05  SCV, Sensor Tower  
  61  7:13  Supply Depot, Banshee  
  64  7:24  SCV x2, Missile Turret  
  66  7:44  Siege Tank  
  66  7:46  Viking, Orbital Command  
  66  7:48  Viking  
  73  7:56  SCV x2  
  75  8:16  Siege Tank  
  71  8:46  SCV  
  71  8:47  SCV, Banshee  
  71  8:48  Viking x2  
  80  8:49  Siege Tank  
  80  9:06  Marine  
  80  9:13  Refinery  
  80  9:14  Refinery  
  80  9:21  Siege Tank  
  83  9:24  Marine  
  84  9:36  Command Center  
  84  9:42  Command Center, Marine  
  85  9:53  Siege Tank  
  88  10:00  Marine  
  89  10:10  SCV x3  
  92  10:17  Marine  
  90  10:22  SCV, Missile Turret  
  82  10:35  Marine  
  83  10:49  Command Center  
  86  10:55  Refinery  
Tags
 
Add a new tag
Caveats
  • Supply blocks, unpowered buildings, or Contaminate may cause inaccurate times.
  • Supply counts are checked every 10 seconds.